 Dungeon Crawl Stone Soup version 0.18-a0-1160-geb89fc2 (webtiles) character file.

276154 Gorice the Fencer (level 20, -11/150 HPs)
             Began as a Ghoul Wanderer on Jan 23, 2016.
             Was the Champion of Okawaru.
             Killed from afar by a deep elf knight (37 damage)
             ... with a stone arrow
             ... on level 3 of the Vaults on Jan 24, 2016.
             The game lasted 05:36:37 (46520 turns).

Gorice the Fencer (Ghoul Wanderer)                 Turns: 46520, Time: 05:36:37

Health: -11/150    AC: 28    Str: 45    XL:     20   Next: 36%
Magic:  33/40      EV: 14    Int: 11    God:    Okawaru [******]
Gold:   3750       SH:  4    Dex:  6    Spells: 6 memorised, 21 levels left

rFire  + . .     SeeInvis +     a - +8 great sword of Division {freeze, Str+3}
rCold  + + +     Gourm    .     T - quicksilver dragon armour "Tosu" {rC+ MR+ Str+8}
rNeg   + + +     Faith    .     (shield currently unavailable)
rPois  ∞         Spirit   .     w - +1 helmet
rElec  .         Dismiss  .     v - +0 cloak {+Inv}
rCorr  +         Reflect  +     b - +2 pair of gloves {Str+3}
SustAt .         Harm     .     C - +0 pair of boots "Mesolo" {rCorr MP+9 Str+6 Int-2}
MR     ++...                    x - +4 amulet of reflection
Stlth  ++........               p - ring "Itepoc" {Wiz +Blink}
                                d - ring of Yde Hig {rF+ rC+ rN+ Str+4 SInv}

@: swift (expiring), heroism, rotting, quick, very resistant to hostile
enchantments, unstealthy
A: rotting body, claws 1, carnivore 3, cold resistance 1, negative energy
resistance 3, slow regeneration 1, torment resistance, unbreathing
a: Heroism, Finesse, Renounce Religion, Evoke Blink, Evoke Invisibility
}: 2/15 runes: decaying, gossamer


You were on level 3 of the Vaults.
You worshipped Okawaru.
Okawaru was exalted by your worship.
You were not hungry.

You visited 7 branches of the dungeon, and saw 37 of its levels.
You also visited: Labyrinth and Ice Cave.

You collected 4290 gold pieces.
You spent 540 gold pieces at shops.

Inventory:

Hand Weapons
 a - the +8 great sword of Division (weapon) {freeze, Str+3}
   (You bought it in a shop on level 11 of the Dungeon)

   It has been specially enchanted to freeze those struck by it, causing extra
   injury to most foes and up to half again as much damage against particularly
   susceptible opponents.
   It can also slow down cold-blooded creatures.
   It affects your strength (+3).
 f - a +3 scimitar of flaming
   (You took it off Azrael on level 12 of the Dungeon)
 B - a +0 blowgun
Missiles
 j - 25 javelins
 y - 27 tomahawks (quivered)
 W - 6 curare-tipped needles
 Y - a throwing net
Armour
 b - a +2 pair of gloves of strength (worn)
   (You acquired it on level 1 of the Lair of Beasts)
 v - a +0 cloak of invisibility (worn)
   (Okawaru gifted it to you on level 1 of the Vaults)
 w - a +1 helmet (worn)
 C - the +0 pair of boots "Mesolo" (worn) {rCorr MP+9 Str+6 Int-2}
   (Okawaru gifted it to you on level 1 of the Spider Nest)

   It affects your strength (+6).
   It affects your intelligence (-2).
   It affects your magic capacity (+9).
   It protects you from acid and corrosion.
 T - the quicksilver dragon armour "Tosu" (worn) {rC+ MR+ Str+8}
   (Okawaru gifted it to you on level 6 of the Lair of Beasts)

   It affects your strength (+8).
   It protects you from cold.
   It affects your resistance to hostile enchantments.
Rods
 S - a +7 rod of shadows (10/10) {!a}
   (You found it in a labyrinth)
Jewellery
 d - the ring of Yde Hig (left hand) {rF+ rC+ rN+ Str+4 SInv}
   (You found it in a labyrinth)

   [ring of protection from fire]

   It affects your strength (+4).
   It protects you from fire.
   It protects you from cold.
   It protects you from negative energy.
   It lets you see invisible.
 g - an uncursed ring of sustain attributes
 k - an uncursed ring of protection from fire
 p - the ring "Itepoc" (right hand) {Wiz +Blink}
   (You found it on level 2 of the Lair of Beasts)

   [ring of wizardry]

   It improves your spell success rate.
   It lets you blink.
 x - a +4 amulet of reflection (around neck)
 E - an uncursed ring of protection from magic
Wands
 h - a wand of heal wounds (9/9) {!d}
 m - a wand of enslavement (9/24)
 D - a wand of teleportation (6/9) {!d}
 F - a wand of cold (8/15)
 M - a wand of cold (3/15)
 P - a wand of disintegration (10/24)
Scrolls
 c - 7 scrolls of teleportation {!r}
 e - 6 scrolls of magic mapping {!r}
 q - 2 scrolls of torment {!r}
 t - 8 scrolls of remove curse
 u - a scroll of fear {!r}
 A - 3 scrolls of identify
 G - a scroll of amnesia
 J - 2 scrolls of fog
 O - a scroll of recharging
 Q - a scroll of blinking
Potions
 i - 3 potions of haste {!q}
 l - 12 potions of curing
 n - a potion of magic {!q}
 o - 4 potions of cancellation {!q}
 r - 3 potions of heal wounds {!q}
 z - a potion of resistance {!q}
 I - a potion of might {!q}
 N - 2 potions of brilliance {!q}
 U - a potion of agility {!q}
Miscellaneous
 s - a lantern of shadows
Comestibles
 H - 12 beef jerkies
 K - 11 chunks of flesh
 L - 21 meat rations {!e}


   Skills:
 + Level 6.7(11.7) Fighting
   Level 6.1(18.3) Short Blades
 - Level 18.0(23.2) Long Blades
   Level 1.7(6.7) Axes
 - Level 16.0(21.0) Armour
 + Level 7.4(12.4) Dodging
 - Level 2.1(7.1) Stealth
 - Level 8.1 Spellcasting
 + Level 7.1 Hexes
 - Level 8.0 Charms
 - Level 5.0 Summonings
 - Level 5.0 Necromancy
 - Level 5.0 Translocations
 - Level 8.0 Invocations
 - Level 10.0 Evocations


You had 21 spell levels left.
You knew the following spells:

 Your Spells              Type           Power        Failure   Level  Hunger
a - Spectral Weapon       Hex/Chrm       ###.....     1%          3    ###....
b - Shroud of Golubria    Chrm/Tloc      ###.......   1%          2    #......
c - Confuse               Hex            ###.....     1%          3    ###....
B - Summon Butterflies    Summ           ###.....     1%          1    None
R - Regeneration          Chrm/Necr      ###.......   1%          3    ###....
S - Swiftness             Chrm/Air       ##......     2%          2    #......


Dungeon Overview and Level Annotations

Branches:
Dungeon (15/15)            Temple (1/1) D:5            Lair (8/8) D:8
  Swamp (4/4) Lair:3       Spider (4/4) Lair:4        Slime (0/6) Lair:6
    Orc (2/2) D:9             Elf (0/3) Orc:2        Vaults (3/5) D:13
  Crypt (0/3) Vaults:2     Depths (0/5) D:15

Altars:
Ashenzari
Cheibriados
Dithmenos
Elyvilon
Fedhas
Gozag
Kikubaaqudgha
Makhleb
Nemelex Xobeh
Okawaru
Pakellas
Qazlal
Ru
Sif Muna
Trog
Vehumet
Xom
Yredelemnul
Zin
The Shining One
Beogh

Shops:
D:5 *   D:6 ?   D:7 (   D:11 (   D:13 ?   Orc:2 **%*   Vaults:1 *   Vaults:2 (


Innate Abilities, Weirdness & Mutations

Your body is rotting away.
You thrive on raw meat.
You are immune to poison.
You have sharp fingernails.
You are carnivorous and can eat meat at any time.
Your flesh is cold resistant.
You are immune to negative energy.
You regenerate slowly when monsters are visible.
You are immune to unholy pain and torment.
You can survive without breathing.


Message History

The frost giant is severely wounded.
Your spectral weapon hits the frost giant!
The deep elf knight gestures wildly while chanting.
The deep elf knight seems to speed up.
Unknown command.
You barely miss the frost giant.
The frost giant is almost dead.
Your spectral weapon hits the frost giant!
The stone giant hits you!!
* * * LOW HITPOINT WARNING * * *
The frost giant casts a spell at you. The bolt of cold misses you.
Damage: 25 (max 25)
You carve the frost giant like a ham!!! You freeze the frost giant.
You kill the frost giant!
Okawaru accepts your kill. The stone giant hits you!!
* * * LOW HITPOINT WARNING * * *
Damage: 22 (max 25) Unknown command.
The stone giant misses your spectral weapon.
Drink which item? (? for menu, Esc to quit)
Really quaff
r - 4 potions of heal wounds {!q}?
You feel much better.
The stone giant misses your spectral weapon.
The deep elf knight hits your spectral weapon with a long sword of draining!
Your spectral weapon shares its damage with you!
* * * LOW HITPOINT WARNING * * *
Damage: 7 (max 25)
Things that are here:
a ring mail; a morningstar
Casting: Spectral Weapon
Confirm with . or Enter, or press ? or * to list all spells.
You feel quick.
The deep elf knight hits your spectral weapon with a long sword of draining!!
Your spectral weapon shares its damage with you!
Your spectral weapon fades away.
* * * LOW HITPOINT WARNING * * *
Damage: 1 (max 25)
A deep elf knight comes into view. It is wielding a short sword.
The deep elf knight gestures wildly while chanting.
The deep elf knight seems to speed up.
You start to feel a little slower.
The deep elf knight points at you and mumbles some strange words.
The shard of ice hits you! You partially resist.
* * * LOW HITPOINT WARNING * * *
Damage: 5 (max 25)
The deep elf knight gestures at you while chanting.
The stone arrow hits you!
You die...

.................................
...(.............................
....[(...........................
...)(......C.....................
.................................
.................................
#############....................
....# #.e.................. ....#
#...@................ ....#
#.............####### ....#
#.............# ..... ...(#
#.............# ..... ....#
#......e......# ..... ....#
#.............#...... #####
#.............#...... ..#
#....########.#...... ..#
#....#......#.#......


You could see a stone giant and 2 deep elf knights.

Vanquished Creatures
  Nikola (Spider:1)
  An Ice Fiend (IceCv)
  A tentacled monstrosity (Swamp:4)
  Gastronok (Lair:1)
  3 thorn hunters
  Kirke (Spider:1)
  A revenant (Vaults:2)
  Donald (Spider:3)
  Maud (D:13)
  2 frost giants
  A fire giant (D:15)
  5 vault wardens
  4 ghost moths (Spider:4)
  2 orc warlords (Orc:2)
  A curse skull (Vaults:2)
  4 emperor scorpions
  6 ironheart preservers
  A vampire knight (Vaults:2)
  2 stone giants
  Azrael (D:12)
  2 deep elf annihilators (Vaults:1)
  4 spark wasps
  3 vault guards
  Erolcha (D:8)
  5 fire dragons
  A minotaur (Lab)
  Fannar (Lair:2)
  Josephine (Lair:6)
  8 yaktaur captains
  Harold (Lair:2)
  A great orb of eyes (Vaults:3)
  21 hydras
  Erica (Lair:1)
  2 centaur warriors
  2 ghost crabs (Swamp:4)
  A catoblepas (Lair:5)
  A deep troll shaman (Vaults:3)
  An ogre mage (Vaults:1)
  The ghost of Duffy the Thaumaturge, a journeyman DECj of Vehumet (IceCv)
  8 alligators
  3 death yaks (Lair:7)
  4 orc high priests (Orc:2)
  8 spriggans
  Sonja (Orc:2)
  2 deep elf knights (Vaults:1)
  A fire crab (shapeshifter) (D:15)
  Nergalle (D:10)
  12 skeletal warriors
  2 fire crabs (Swamp:4)
  3 shadow wraiths
  3 spriggan druids (Swamp:4)
  3 unseen horrors
  A shambling mangrove (Swamp:4)
  5 deep elf archers
  13 swamp dragons
  5 hill giants
  3 lindwurms
  6 ironbrand convokers
  8 orc knights
  9 orb spiders
  3 orc sorcerers (Orc:2)
  8 deep elf magi
  A hornet (shapeshifter) (D:15)
  8 hornets
  6 cyclopes
  2 manticores
  28 wolf spiders
  2 moths of wrath (Spider:3)
  4 griffons
  17 ugly things
  Joseph (D:8)
  10 vault sentinels
  11 elephants
  5 ice statues
  8 black mambas
  Maurice (D:12)
  A guardian serpent (Lair:8)
  2 gargoyles (D:15)
  7 torpor snails
  3 centaur skeletons
  27 spiny frogs
  A spiny frog (shapeshifter) (Vaults:3)
  An efreet (D:14)
  A kobold demonologist (Vaults:2)
  26 yaktaurs
  2 komodo dragons
  5 fire drakes
  9 ice devils (IceCv)
  2 golden dragon simulacra (IceCv)
  11 demonic crawlers
  3 anaconda simulacra (IceCv)
  7 trolls
  2 freezing wraiths
  A jumping spider (shapeshifter) (D:15)
  22 jumping spiders
  A polar bear (Lair:4)
  7 two-headed ogres
  A wind drake (shapeshifter) (D:15)
  10 giant leeches
  29 slime creatures
  16 blink frogs
  11 bog bodies
  A frost giant simulacrum (Vaults:1)
  3 boulder beetles
  A flying skull (Vaults:2)
  3 shadows
  45 redbacks
  33 tarantellas
  6 wyverns
  A vampire (D:13)
  6 wraiths
  14 hippogriffs
  2 basilisks
  50 yaks
  3 fire elementals (D:12)
  2 fire bats (Swamp:4)
  A yak (shapeshifter) (D:15)
  4 hungry ghosts
  A basilisk (shapeshifter) (D:14)
  A steam dragon (shapeshifter) (Vaults:1)
  Grum (D:8)
  A dire elephant simulacrum (IceCv)
  35 vampire mosquitoes
  7 wargs
  8 mottled dragons
  10 wolves
  17 insubstantial wisps
  An iron troll simulacrum (IceCv)
  A naga (shapeshifter) (D:15)
  27 swamp worms
  3 hydra simulacra (IceCv)
  2 hell hounds (D:12)
  16 water moccasins
  9 porcupines
  4 ice beasts
  10 swamp drakes
  47 orc warriors
  2 black bears
  36 ogres
  A phantom (D:14)
  7 sky beasts
  21 wasps
  4 boggarts
  An eye of draining (D:9)
  2 necrophages
  19 centaurs
  12 crocodiles
  23 giant frogs
  6 big kobolds
  A wyvern skeleton (D:12)
  A wyvern zombie (D:12)
  3 scorpions
  A human simulacrum (Vaults:1)
  9 killer bees
  2 electric eels
  6 centaur zombies
  4 giant frog zombies
  A lava snake (Swamp:4)
  A wasp zombie (D:8)
  3 quasits
  13 crimson imps
  9 hounds
  5 jellies
  36 orc priests
  A gnoll shaman (Orc:2)
  23 orc wizards
  A giant frog skeleton (D:5)
  7 iguanas
  19 worker ants
  3 hell rats (Lair:2)
  28 sheep
  3 hound zombies
  A hound skeleton (D:4)
  A worker ant zombie (D:9)
  4 gnolls
  10 adders
  85 river rats
  3 shadow imps
  A white imp (Vaults:1)
  7 oozes
  22 worms
  6 giant geckos
  130 orcs
  7 giant cockroaches
  4 goblins (D:1)
  9 hobgoblins
  11 jackals
  24 kobolds
  3 quokkas
  18 bats
  A giant gecko zombie (D:6)
  6 giant newts
  2 jackal skeletons (D:4)
  A quokka skeleton (D:4)
  17 rats
  A fungus (Lair:5)
  2 plants
  2 spectral weapons
1590 creatures vanquished.

Vanquished Creatures (collateral kills)
  Norris (Spider:3)
  Rupert (Lair:6)
  A stone giant (Vaults:2)
  A fire dragon (Swamp:4)
  3 yaktaurs (Vaults:2)
  A fire drake (Swamp:4)
  A hog (Spider:1)
  A vampire mosquito (Vaults:2)
  2 centaurs (D:12)
12 creatures vanquished.

Vanquished Creatures (others)
  A hydra (Swamp:4)
  A swamp dragon (Swamp:4)
  A lindwurm (Swamp:4)
  A freezing wraith (Vaults:3)
  A redback (Spider:4)
  A shadow (Swamp:4)
  A wraith (Lair:6)
  3 humans (Spider:1)
  2 swamp drakes (Swamp:4)
  A centaur (D:12)
  A river rat (Lair:1)
  4 briar patches (Swamp:1)
  10 fungi
  13 plants
  47 spectral weapons
  7 toadstools (Swamp:1)
95 creatures vanquished.

Grand Total: 1697 creatures vanquished

Notes
Turn   | Place    | Note
--------------------------------------------------------------
     0 | D:1      | Gorice the Ghoul Wanderer began the quest for the Orb.
     0 | D:1      | Gorice set off with: a +2 short sword, a +0 mace, a scroll of teleportation {!r}, a +0 robe, a +0 dagger, a meat ration {!e}
     0 | D:1      | Reached XP level 1. HP: 22/22 MP: 0/0
   101 | D:1      | Reached skill level 2 in Short Blades
   142 | D:1      | Reached XP level 2. HP: 21/28 MP: 1/1
   559 | D:2      | Found a white marble altar of Elyvilon.
   622 | D:2      | Reached skill level 5 in Fighting
   622 | D:2      | Reached XP level 3. HP: 31/36 MP: 2/2
   949 | D:2      | Found a faded altar to an unknown god.
  1374 | D:2      | Found a burning altar of Makhleb.
  1462 | D:2      | Reached skill level 1 in Armour
  1462 | D:2      | Reached XP level 4. HP: 37/42 MP: 3/3
  1491 | D:3      | Reached skill level 3 in Short Blades
  1805 | D:3      | Found an iron altar of Okawaru.
  1808 | D:3      | Found a deep blue altar of Sif Muna.
  1811 | D:3      | Found a basalt altar of Yredelemnul.
  1819 | D:3      | Became a worshipper of Warmaster Okawaru
  1905 | D:3      | Reached skill level 2 in Armour
  1905 | D:3      | Reached XP level 5. HP: 48/48 MP: 4/4
  1941 | D:3      | Found a radiant altar of Vehumet.
  2045 | D:3      | Noticed an ogre
  2067 | D:3      | Killed an ogre
  2067 | D:3      | Reached skill level 4 in Short Blades
  2067 | D:3      | Reached XP level 6. HP: 33/56 MP: 5/5
  2428 | D:4      | Reached skill level 3 in Armour
  2507 | D:4      | Found an oddly glowing altar of Pakellas.
  2607 | D:4      | Reached * piety under Okawaru
  3484 | D:5      | Entered Level 5 of the Dungeon
  3502 | D:4      | HP: 15/52 [acid (4)]
  3511 | D:4      | Reached XP level 7. HP: 17/57 MP: 6/6
  3514 | D:4      | HP: 16/57 [jackal (1)]
  3520 | D:4      | HP: 13/57 [jackal (2)]
  3833 | D:5      | Reached skill level 5 in Short Blades
  3833 | D:5      | Reached skill level 4 in Armour
  4433 | D:5      | Found Keutys's Assorted Antiques.
  4441 | D:5      | Bought a scroll of identify for 54 gold pieces
  4460 | D:5      | HP: 16/61 [acid (5)]
  4468 | D:5      | HP: 15/61 [jelly (2)]
  4468 | D:5      | HP: 7/61 [acid (8)]
  4869 | D:5      | Found a staircase to the Ecumenical Temple.
  4877 | Temple   | Entered the Ecumenical Temple
  5137 | D:5      | Reached skill level 5 in Armour
  5137 | D:5      | Reached XP level 8. HP: 62/65 MP: 7/7
  5247 | D:6      | Reached skill level 6 in Short Blades
  5450 | D:6      | Found a sparkling altar of Nemelex Xobeh.
  5456 | D:6      | Found a sacrificial altar of Ru.
  5527 | D:6      | Reached skill level 1 in Long Blades
  5692 | D:6      | Reached ** piety under Okawaru
  5692 | D:6      | Reached skill level 2 in Long Blades
  5938 | D:6      | HP: 20/68 [sky beast (6)]
  5947 | D:6      | Reached skill level 3 in Long Blades
  6099 | D:6      | Reached skill level 6 in Armour
  6210 | D:6      | Found Vaeck's Magic Scroll Shop.
  6213 | D:6      | Bought a scroll of identify for 28 gold pieces
  6213 | D:6      | Bought a scroll of identify for 28 gold pieces
  6213 | D:6      | Bought a scroll of identify for 28 gold pieces
  6322 | D:6      | Reached skill level 4 in Long Blades
  6539 | D:7      | Reached XP level 9. HP: 68/74 MP: 8/8
  6567 | D:7      | Reached skill level 5 in Long Blades
  6947 | D:7      | Found Tuteism's Antique Weapon Emporium.
  7249 | D:7      | Found a shimmering altar of Xom.
  7330 | D:8      | Found a blossoming altar of Fedhas.
  7381 | D:8      | Reached skill level 6 in Long Blades
  7412 | D:8      | Reached *** piety under Okawaru
  7589 | D:8      | Noticed Joseph
  7624 | D:8      | Killed Joseph
  7624 | D:8      | Reached skill level 7 in Long Blades
  7624 | D:8      | Reached skill level 7 in Armour
  7663 | D:8      | Noticed Erolcha
  7811 | D:8      | Noticed an elephant
  7853 | D:7      | Killed an elephant
  7853 | D:7      | Reached skill level 8 in Long Blades
  7853 | D:7      | Reached XP level 10. HP: 55/81 MP: 9/9
  7928 | D:8      | Found a staircase to the Lair.
  7960 | D:8      | Killed Erolcha
  7960 | D:8      | Reached **** piety under Okawaru
  7960 | D:8      | Reached skill level 9 in Long Blades
  7960 | D:8      | Reached skill level 8 in Armour
  7995 | D:8      | Noticed Grum
  8065 | D:8      | Killed Grum
  8153 | D:8      | Noticed a cyclops
  8204 | D:8      | Killed a cyclops
  8225 | D:8      | Noticed a spiny frog
  8246 | D:8      | Killed a spiny frog
  8574 | D:8      | Reached skill level 10 in Long Blades
  8625 | D:8      | HP: 17/80 [orc priest/divine providence (15)]
  9317 | Lair:1   | Entered Level 1 of the Lair of Beasts
  9360 | Lair:1   | Noticed Gastronok
  9446 | Lair:1   | Noticed Erica
  9504 | Lair:1   | HP: 14/79 [something (11)]
  9515 | Lair:1   | Killed Erica
  9515 | Lair:1   | Reached ***** piety under Okawaru
  9515 | Lair:1   | Received a gift from Okawaru
  9515 | Lair:1   | Reached skill level 9 in Armour
  9515 | Lair:1   | Reached XP level 11. HP: 26/86 MP: 8/10
  9989 | Lair:1   | Killed Gastronok
  9989 | Lair:1   | Received a gift from Okawaru
  9989 | Lair:1   | Reached skill level 11 in Long Blades
  9990 | Lair:1   | Got a pair of scorched boots {god gift}
  9996 | Lair:1   | Identified the +0 pair of boots of the Gate {rPois Dex+2} (Okawaru gifted it to you on level 1 of the Lair of Beasts)
 10066 | Lair:1   | Noticed an eight-headed hydra
 10079 | Lair:1   | Killed a four-headed hydra
 10673 | Lair:2   | Noticed Fannar
 10717 | Lair:2   | Killed Fannar
 10726 | Lair:2   | Reached skill level 10 in Armour
 10779 | Lair:2   | Found a labyrinth entrance.
 10785 | Lair:2   | Got a sparkling lapis lazuli ring
 10793 | Lair:2   | Identified the ring "Itepoc" {Wiz +Blink} (You found it on level 2 of the Lair of Beasts)
 10799 | Lab      | Entered a labyrinth
 11120 | Lab      | Noticed a minotaur
 11133 | Lab      | Killed a minotaur
 11133 | Lab      | Reached skill level 12 in Long Blades
 11150 | Lab      | Got a glittering ivory ring
 11150 | Lab      | Identified Ugrorph's Catalogue of Cloudy Arcane Weapons
 11151 | Lab      | Got a crude battleaxe
 11151 | Lab      | Got a translucent morningstar
 11154 | Lab      | Identified a +7 rod of shadows (10/10) (You found it in a labyrinth)
 11156 | Lab      | Identified the ring of Yde Hig {rF+ rC+ rN+ Str+4 SInv} (You found it in a labyrinth)
 11157 | Lab      | --Nice ring!
 11169 | Lab      | Identified the cursed +3 morningstar "Cubririg" {elec, +Inv MR+ Str+4} (You found it in a labyrinth)
 11173 | Lair:2   | Identified the +4 battleaxe "Rataarem" {chop, *Corrode rPois rF++ Int+3} (You found it in a labyrinth)
 11509 | Lair:2   | Noticed Harold
 11521 | Lair:2   | Reached skill level 1 in Evocations
 11537 | Lair:2   | Killed Harold
 11537 | Lair:2   | Received a gift from Okawaru
 11537 | Lair:2   | Reached XP level 12. HP: 52/93 MP: 10/12
 11652 | Lair:2   | Reached skill level 2 in Evocations
 12010 | Lair:2   | Noticed a six-headed hydra
 12019 | Lair:2   | Killed a one-headed hydra
 12086 | Lair:2   | Noticed a six-headed hydra
 12097 | Lair:2   | Killed a two-headed hydra
 12097 | Lair:2   | Reached skill level 3 in Evocations
 12730 | Lair:3   | Reached skill level 4 in Evocations
 12903 | Lair:3   | Received a gift from Okawaru
 12903 | Lair:3   | Reached skill level 11 in Armour
 12940 | Lair:3   | Got a faintly humming cloak {god gift}
 12946 | Lair:3   | Identified the +0 cloak of a labyrinth {+Fly Str+3} (Okawaru gifted it to you on level 3 of the Lair of Beasts)
 13300 | Lair:3   | HP: 27/94 [swamp worm (5)]
 13559 | Lair:3   | Found a staircase to the Swamp.
 13799 | Lair:1   | Identified a scroll of acquirement
 13867 | Lair:2   | Reached skill level 13 in Long Blades
 14084 | Lair:4   | Reached skill level 5 in Evocations
 14327 | Lair:4   | Found a hole to the Spider Nest.
 14570 | Lair:4   | Got an ancient chain mail
 14884 | Lair:4   | Identified the cursed +0 chain mail of Pride {rF++ Int+2 Dex-3 Stlth+} (You found it on level 4 of the Lair of Beasts)
 14957 | Lair:5   | Reached XP level 13. HP: 100/100 MP: 16/16
 15374 | Lair:5   | Reached skill level 6 in Evocations
 15779 | Lair:5   | Reached ****** piety under Okawaru
 16029 | Lair:6   | Found a staircase to the Slime Pits.
 16089 | Lair:5   | Received a gift from Okawaru
 16186 | Lair:6   | Reached skill level 12 in Armour
 16383 | Lair:6   | Reached skill level 7 in Evocations
 16426 | Lair:6   | Noticed Rupert
 16447 | Lair:6   | Killed Rupert
 16719 | Lair:6   | Noticed Josephine
 16739 | Lair:6   | Killed Josephine
 16739 | Lair:6   | Received a gift from Okawaru
 16740 | Lair:6   | Got a warped quicksilver dragon armour {god gift}
 16783 | Lair:5   | Identified the quicksilver dragon armour "Tosu" {rC+ MR+ Str+8} (Okawaru gifted it to you on level 6 of the Lair of Beasts)
 16934 | Lair:6   | Reached skill level 14 in Long Blades
 17354 | Lair:7   | Got a translucent whip
 17764 | Lair:7   | Reached skill level 8 in Evocations
 17771 | Lair:7   | Reached XP level 14. HP: 107/107 MP: 17/19
 17920 | Lair:7   | Identified the +6 whip "Wiaxzaet" {slash, Str+2} (You found it on level 7 of the Lair of Beasts)
 17941 | Lair:8   | Entered Level 8 of the Lair of Beasts
 18493 | Lair:8   | Found a runed door.
 18790 | Lair:8   | HP: 20/107 [giant leech (15)]
 19214 | Lair:1   | Learned a level 2 spell: Swiftness
 19518 | Lair:8   | Received a gift from Okawaru
 19518 | Lair:8   | Reached skill level 13 in Armour
 19559 | Lair:8   | Got a transparent plate armour {god gift}
 19585 | Lair:7   | Identified the +1 plate armour of the Eternal Fruit {rC+} (Okawaru gifted it to you on level 8 of the Lair of Beasts)
 19723 | Lair:8   | Reached skill level 9 in Evocations
 20504 | Lair:1   | Learned a level 3 spell: Spectral Weapon
 20554 | D:9      | Found a shimmering altar of Xom.
 20558 | D:9      | Found a shimmering altar of Xom.
 20567 | D:9      | Found a shimmering altar of Xom.
 20567 | D:9      | Found a shimmering altar of Xom.
 20998 | D:9      | Found a roughly hewn altar of Beogh.
 20998 | D:9      | Found a staircase to the Orcish Mines.
 21497 | Orc:1    | Entered Level 1 of the Orcish Mines
 21687 | Orc:2    | Entered Level 2 of the Orcish Mines
 22083 | Orc:2    | Received a gift from Okawaru
 22083 | Orc:2    | Reached skill level 15 in Long Blades
 22559 | Orc:2    | Found a roughly hewn altar of Beogh.
 22593 | Orc:2    | Reached XP level 15. HP: 113/113 MP: 21/21
 22630 | Orc:2    | Reached skill level 10 in Evocations
 22692 | Orc:1    | HP: 29/113 [orc knight/battleaxe (6)]
 22734 | Orc:2    | Paralysed by an orc sorcerer for 2 turns
 22829 | Orc:2    | Found Momus's General Store.
 22851 | Orc:1    | HP: 24/113 [ettin/dire flail (21)]
 23022 | Orc:2    | Found Zaocso's General Store.
 23069 | Orc:2    | Bought a potion of brilliance for 64 gold pieces
 23406 | Orc:2    | Noticed an orc warlord
 23416 | Orc:2    | Killed an orc warlord
 23917 | Orc:2    | Noticed an orc warlord
 23965 | Orc:2    | Killed an orc warlord
 24165 | Orc:2    | Reached skill level 14 in Armour
 24200 | Orc:2    | Found Suerios's Food Emporium.
 24287 | Orc:2    | Found Lostroapn's General Store.
 24343 | Orc:2    | Found a roughly hewn altar of Beogh.
 24496 | Orc:2    | Noticed Sonja
 24521 | Orc:2    | Killed Sonja
 24592 | Orc:2    | Found a staircase to the Elven Halls.
 24742 | Orc:2    | Identified the Tome of the Mountains and Moulding
 25129 | D:10     | Entered Level 10 of the Dungeon
 25176 | D:10     | Noticed Nergalle
 25186 | D:10     | Killed Nergalle
 25897 | D:11     | Reached skill level 16 in Long Blades
 25911 | D:11     | Found Paisk's Antique Weapon Boutique.
 25941 | D:11     | Bought a dazzling great sword for 310 gold pieces
 25941 | D:11     | Identified the +8 great sword of Division {freeze, Str+3} (You bought it in a shop on level 11 of the Dungeon)
 26235 | D:11     | Received a gift from Okawaru
 27146 | D:12     | Noticed Maurice
 27156 | D:12     | Killed Maurice
 27344 | D:12     | Noticed Azrael
 27359 | D:12     | Killed Azrael
 27812 | D:13     | Noticed Maud
 27821 | D:13     | Killed Maud
 27869 | D:13     | Found a gate to the Vaults.
 28125 | D:13     | Found Upnimab's Magic Scroll Shoppe.
 28130 | D:13     | Bought a scroll of fog for 28 gold pieces
 28636 | D:14     | Reached XP level 16. HP: 113/119 MP: 22/22
 28853 | D:14     | Got a crude long sword
 28854 | D:14     | Identified the +5 long sword of Tuvvu {freeze, rPois Int+3} (You found it on level 14 of the Dungeon)
 29090 | D:14     | Found a sparkling altar of Nemelex Xobeh.
 29273 | D:15     | Entered Level 15 of the Dungeon
 29549 | D:15     | Reached skill level 17 in Long Blades
 30014 | D:15     | Found a staircase to the Depths.
 30081 | D:15     | Received a gift from Okawaru
 30278 | D:15     | Reached skill level 15 in Armour
 30752 | Spider:1 | Entered Level 1 of the Spider Nest
 30760 | Spider:1 | Noticed Kirke
 30769 | Spider:1 | Killed Kirke
 30850 | Spider:1 | HP: 26/119 [disintegration (40)]
 30969 | Spider:1 | Noticed Nikola
 30982 | Spider:1 | Killed Nikola
 31044 | Spider:1 | Found a frozen archway.
 31214 | IceCv    | Entered an ice cave
 31214 | IceCv    | Noticed Duffy's ghost (journeyman DECj)
 31222 | IceCv    | Killed Duffy's ghost
 31384 | IceCv    | Reached skill level 18 in Long Blades
 31442 | IceCv    | Reached skill level 1 in Invocations
 32036 | IceCv    | Noticed an Ice Fiend
 32048 | IceCv    | Killed an Ice Fiend
 32048 | IceCv    | Reached skill level 2 in Invocations
 32065 | IceCv    | Got a translucent leather armour
 32497 | Spider:1 | Received a gift from Okawaru
 32498 | Spider:1 | Got a pair of twisted boots {god gift}
 32522 | Spider:1 | Identified the +0 pair of boots "Mesolo" {rCorr MP+9 Str+6 Int-2} (Okawaru gifted it to you on level 1 of the Spider Nest)
 32562 | Spider:1 | Reached skill level 3 in Invocations
 32659 | Spider:1 | Reached XP level 17. HP: 122/126 MP: 23/23
 32814 | Spider:2 | Reached skill level 4 in Invocations
 33640 | Spider:3 | Reached skill level 5 in Invocations
 33655 | Spider:3 | Noticed Norris
 33667 | Spider:3 | Killed Norris
 33667 | Spider:3 | Reached skill level 16 in Armour
 33704 | Spider:3 | Reached skill level 1 in Hexes
 33704 | Spider:3 | Reached skill level 1 in Charms
 33766 | Spider:3 | Noticed Donald
 33777 | Spider:3 | Killed Donald
 33788 | Spider:3 | --Heh shield of refl vs amulet: tomahawk tennis!
 33974 | Spider:3 | Upgraded the game from 0.18-a0-1157-g59db91b to 0.18-a0-1160-geb89fc2
 33980 | Spider:3 | Reached skill level 2 in Charms
 34506 | Spider:3 | Reached skill level 1 in Spellcasting
 34506 | Spider:3 | Reached skill level 6 in Invocations
 34544 | Spider:3 | Reached skill level 2 in Hexes
 34857 | Swamp:1  | Entered Level 1 of the Swamp
 35129 | Swamp:1  | Reached skill level 3 in Charms
 35173 | Swamp:1  | Reached skill level 3 in Hexes
 35270 | Swamp:1  | Reached skill level 2 in Spellcasting
 35858 | Swamp:2  | Received a gift from Okawaru
 35933 | Swamp:2  | Reached skill level 4 in Hexes
 35933 | Swamp:2  | Reached skill level 4 in Charms
 35983 | Swamp:2  | Identified the Handbook of Confrontation
 36371 | Swamp:2  | Got a distressingly furry ring mail
 36639 | Lair:3   | Identified the +1 ring mail of Chimes {Str+5 Dex-5} (You found it on level 2 of the Swamp)
 36844 | Swamp:3  | Reached skill level 3 in Spellcasting
 36850 | Swamp:3  | Reached skill level 7 in Invocations
 36981 | Swamp:3  | Reached skill level 5 in Charms
 37080 | Swamp:3  | Reached XP level 18. HP: 133/133 MP: 24/24
 37090 | Swamp:3  | Reached skill level 5 in Hexes
 37110 | Swamp:3  | HP: 35/132 [swamp dragon (12)]
 37178 | Swamp:3  | Received a gift from Okawaru
 37966 | Swamp:4  | Entered Level 4 of the Swamp
 38131 | Swamp:4  | Noticed a tentacled monstrosity
 38148 | Swamp:4  | Killed a tentacled monstrosity
 38236 | Swamp:4  | Reached skill level 6 in Charms
 38354 | Swamp:4  | Reached skill level 6 in Hexes
 38430 | Swamp:3  | HP: 33/133 [eight-headed hydra (11)]
 38458 | Swamp:3  | HP: 34/133 [six-headed hydra (6)]
 38728 | Swamp:3  | Reached skill level 8 in Invocations
 38746 | Swamp:4  | Received a gift from Okawaru
 38759 | Swamp:4  | Reached skill level 4 in Spellcasting
 39021 | Swamp:4  | HP: 39/133 [eight-headed hydra (3)]
 39304 | Swamp:4  | Reached skill level 7 in Charms
 39489 | Swamp:4  | Received a gift from Okawaru
 39495 | Swamp:4  | Reached skill level 7 in Hexes
 39556 | Swamp:4  | Got a smoking robe {god gift}
 39687 | Swamp:4  | Got a decaying rune of Zot
 40174 | Lair:1   | Learned a level 3 spell: Regeneration
 40176 | Lair:1   | Learned a level 1 spell: Summon Butterflies
 40179 | Lair:1   | Learned a level 2 spell: Shroud of Golubria
 40183 | Lair:1   | Learned a level 3 spell: Confuse
 40349 | Spider:4 | Entered Level 4 of the Spider Nest
 40400 | Spider:4 | Reached skill level 1 in Dodging
 40650 | Spider:4 | Reached skill level 5 in Spellcasting
 40815 | Spider:3 | Reached skill level 2 in Dodging
 41294 | Spider:4 | Reached skill level 3 in Dodging
 41358 | Spider:4 | Reached skill level 8 in Charms
 41420 | Spider:4 | Reached skill level 1 in Necromancy
 41422 | Spider:4 | Reached skill level 1 in Translocations
 41422 | Spider:4 | Reached XP level 19. HP: 102/138 MP: 2/26
 41567 | Spider:4 | Reached skill level 1 in Summonings
 41632 | Spider:4 | Got a gossamer rune of Zot
 41716 | Spider:4 | Reached skill level 2 in Necromancy
 41747 | Spider:4 | Reached skill level 2 in Translocations
 41792 | Spider:3 | Reached skill level 4 in Dodging
 42120 | Vaults:1 | Entered Level 1 of the Vaults
 42224 | Vaults:1 | Reached skill level 2 in Summonings
 42353 | Vaults:1 | Reached skill level 6 in Spellcasting
 42363 | Vaults:1 | Reached skill level 3 in Necromancy
 42543 | Vaults:1 | Reached skill level 3 in Translocations
 42563 | Vaults:1 | Received a gift from Okawaru
 42717 | Vaults:1 | HP: 19/138 [deep elf knight/stone arrow[an ironheart preserver] (42)]
 42920 | Vaults:1 | Found Eghyos's General Store.
 42928 | Vaults:1 | Reached skill level 3 in Summonings
 43082 | Vaults:1 | Reached skill level 5 in Dodging
 43204 | Vaults:1 | Reached skill level 4 in Necromancy
 43689 | Vaults:2 | HP: 31/138 [yaktaur captain/bolt (16)]
 43698 | Vaults:2 | HP: 27/138 [yaktaur/bolt[a yaktaur captain] (6)]
 43959 | Vaults:1 | Reached skill level 4 in Translocations
 44228 | Vaults:2 | Found a staircase to the Crypt.
 44319 | Vaults:2 | Reached skill level 4 in Summonings
 44484 | Vaults:2 | Found Reepatwi's Antique Weapon Shop.
 44570 | Vaults:2 | Reached skill level 5 in Necromancy
 44590 | Vaults:2 | Reached skill level 7 in Spellcasting
 44804 | Vaults:2 | Received a gift from Okawaru
 44896 | Vaults:2 | Reached skill level 5 in Translocations
 44946 | Vaults:2 | Reached skill level 6 in Dodging
 45018 | Vaults:2 | Reached XP level 20. HP: 146/146 MP: 29/29
 45049 | Vaults:2 | Reached skill level 5 in Summonings
 46130 | Vaults:3 | Reached skill level 7 in Dodging
 46140 | Vaults:3 | Received a gift from Okawaru
 46140 | Vaults:3 | Reached skill level 6 in Fighting
 46246 | Vaults:3 | Reached skill level 8 in Spellcasting
 46503 | Vaults:3 | HP: 40/150 [stone giant (25)]
 46504 | Vaults:3 | HP: 18/150 [stone giant (23)]
 46511 | Vaults:3 | HP: 30/150 [deep elf knight/long sword of draining (1)]
 46519 | Vaults:3 | HP: 26/150 [deep elf knight/shard of ice (5)]
 46520 | Vaults:3 | Killed from afar by a deep elf knight

Vault maps used:
D:1:      dpeg_arrival_pits
D:2:      elyvilon_altar_5, marbit_many_paths, ecumenical_altar_1
D:3:      lemuel_round_altar, grunt_temple_overflow_diamond
D:4:      first_bread, grunt_pakellas_basics
D:5:      minmay_temple_entry_nine_rooms, serial_shops, shop_fountains,
          minmay_tree_intersection
D:6:      basic_altar, serial_shops, kennysheep_mini_moat, minmay_misc_feat_iff,
          nemelex_diamond_rough_becter
D:7:      lemuel_round_altar, serial_shops, shop
D:8:      nicolae_overflow_crystal_walls, david_lair_generic, grunt_pizzeria,
          st_stairs_14, kennysheep_generic_room_7, uniq_grum, uniq_erolcha,
          uniq_joseph
D:9:      david_orc_5, xom_redecorated
D:10:     uniq_nergalle
D:11:     minmay_goldmine, serial_shops, shop, library_closet
D:12:     uniq_maurice, uniq_azrael
D:13:     david_vaults_5, serial_shops, kennysheep_little_box, uniq_maud
D:14:     nemelex_xobeh_ov_fountains_minmay
D:15:     gammafunk_enter_depths_forms, minmay_liquid_box
Temple:   oiseaux_autumnal_temple_12
Lair:1:   roderic_batcave, uniq_erica, uniq_gastronok
Lair:2:   kennysheep_abandoned_house, lab_entry_generic, uniq_fannar,
          uniq_harold
Lair:3:   nicolae_swamp_entry_splash_gauntlet, lemuel_fruit_fields,
          grunt_megastairs_1, lemuel_fruit_tree
Lair:4:   spider_nest_entry_rubble, roderic_lost_polar_bear, grunt_megastairs_5,
          serial_bayou_shore_b
Lair:5:   grunt_megastairs_3, serial_bayou_shore_b
Lair:6:   nicolae_slime_entry_slimehenge, minivault_19, grunt_megastairs_2,
          infiniplex_staircase_pool, uniq_josephine, uniq_rupert
Lair:8:   hangedman_lair_tendril_chambers, wormcave
Swamp:1:  cheibrodos_swamp_tower_of_moss, evilmike_swamp_ruin_house_4
Swamp:2:  evilmike_swamp_ruin_house_1, swamp_pool3
Swamp:3:  hangedman_swamp_ruin_wall, swamp_pool1, st_swamp_ruins_1
Swamp:4:  swamp_fiery, swamp_pool2, hangedman_swamp_pad
Spider:1: portal_ice_cave_entry_ice_statue_02, spider_trap, uniq_kirke,
          uniq_nikola
Spider:2: nicolae_spider_circle_web
Spider:3: uniq_norris, uniq_donald
Spider:4: spider_rune_water
Orc:2:    pubby_orc_utopia, serial_shops, uniq_sonja
Vaults:1: ontoclasm_vaults_spin, ontoclasm_vaults_bender,
          dpeg_vaults_monster_row, serial_ice_b, vaults_room_fours,
          nicolae_vaults_shelves_hall, v_misc_18,
          nicolae_vaults_border_crossing, vaults_dpeg_diagonal,
          vaults_room_grunt_arrival_ludios, serial_shops, shop_fountains
Vaults:2: v_misc_17, vaults_mumra_chevron, minmay_crypt_entry_simple_sparse,
          vaults_room_corners, v_pattern_5, vaults_room_pool,
          ontoclasm_vaults_hangar, grunt_vaults_focal,
          nicolae_vaults_circle_grid_b, v_misc_19,
          nicolae_vaults_windows_and_doors_thing, v_alt_pattern_2,
          ontoclasm_vaults_shuriken, hangedman_vaults_capsules, serial_shops,
          nicolae_shop_trees
Vaults:3: ontoclasm_vaults_ring_small, v_alt_pattern_5, vaults_mumra_hex,
          nicolae_vaults_alarming, hangedman_vaults_slice, vaults_mumra_hexcomb,
          ontoclasm_vaults_decontamination, serial_shops, shop_statue,
          uniq_boris
IceCv:    ice_cave_tombish

Action                   |  1- 3 |  4- 6 |  7- 9 | 10-12 | 13-15 | 16-18 | 19-21 || total
-------------------------+-------+-------+-------+-------+-------+-------+-------++-------
Melee: Short sword       |    25 |       |    22 |    81 |       |       |       ||   128
       Dagger            |    81 |   209 |   705 |    21 |       |       |       ||  1016
       Whip              |     3 |     3 |    15 |       |       |       |       ||    21
       Falchion          |       |       |    27 |   195 |       |       |       ||   222
       Scimitar          |       |       |       |   177 |    15 |    53 |       ||   245
       Great sword       |       |       |       |   494 |  2304 |  1194 |   570 ||  4562
 Fire: Hunting sling     |       |       |     3 |     5 |       |       |       ||     8
       Blowgun           |       |       |       |     2 |     9 |       |       ||    11
Throw: Stone             |     2 |     4 |     4 |       |       |       |       ||    10
       Tomahawk          |       |       |    26 |    29 |    49 |    70 |     8 ||   182
       Javelin           |       |       |       |       |       |    27 |       ||    27
 Cast: Spectral Weapon   |       |       |       |       |       |    91 |    84 ||   175
       Confuse           |       |       |       |       |       |    24 |    26 ||    50
       Shroud of Golubri |       |       |       |       |       |     8 |    35 ||    43
       Swiftness         |       |       |       |       |       |     2 |     2 ||     4
       Regeneration      |       |       |       |       |       |       |     3 ||     3
Invok: Heroism           |       |       |     1 |    11 |     7 |    11 |     6 ||    36
       Finesse           |       |       |       |     1 |       |     1 |     1 ||     3
 Abil: Evoke Flight      |       |       |       |       |       |    29 |       ||    29
       Stop Flying       |       |       |       |       |       |     3 |       ||     3
       Evoke Blink       |       |       |       |       |       |     3 |       ||     3
       Evoke Invisibilit |       |       |       |       |       |       |     1 ||     1
Evoke: Wand              |       |       |     2 |    10 |     9 |    13 |     3 ||    37
       Rod               |       |       |       |       |     4 |     6 |     2 ||    12
  Use: Scroll            |     5 |     2 |     5 |    12 |    14 |    18 |       ||    56
       Potion            |       |       |     1 |     3 |     1 |     7 |     3 ||    15
 Stab: Sleeping          |       |       |       |       |     2 |       |       ||     2
       Invisible         |       |       |       |       |       |     4 |     4 ||     8
       Distracted        |       |       |       |       |       |     2 |     2 ||     4
       Confused          |       |       |       |       |       |     1 |     3 ||     4
  Eat: Chunk             |    12 |    10 |    50 |    96 |   262 |   294 |   128 ||   852

Table legend:
 A = Turns spent in this place as a percentage of turns spent in the entire game.
 B = Non-inter-level travel turns spent in this place as a percentage of non-inter-level travel turns spent in the entire game.
 C = Inter-level travel turns spent in this place as a percentage of turns spent in this place.
 D = Turns resting spent in this place as a percentage of non-inter-level travel turns spent in this place.
 E = Turns spent auto-exploring this place as a percentage of non-inter-level travel turns spent in this place.
 F = Non-inter-level travel turns spent in this place divided by the number of levels of this place that you've seen.
                   A       B       C       D       E      F
               +-------+-------+-------+-------+-------+----------------------
         Total | 100.0 | 100.0 |   0.5 |   0.6 |   3.2 | 591.9
       Dungeon |  28.1 |  28.2 |   0.4 |   0.7 |   5.5 | 433.3
        Temple |   0.1 |   0.1 |   6.7 |   0.0 |  92.9 |  14.0
          Lair |  25.5 |  25.4 |   0.8 |   0.4 |   2.7 | 733.6
         Swamp |  11.6 |  11.6 |   0.5 |   1.0 |   3.1 | 669.2
   Spider Nest |   9.8 |   9.8 |   0.5 |   0.6 |   2.5 | 567.5
  Orcish Mines |  11.2 |  11.3 |   0.2 |   0.4 |   0.6 | 1301.5
        Vaults |  10.3 |  10.3 |   0.3 |   0.3 |   2.4 | 790.3
     Labyrinth |   1.7 |   1.7 |   0.0 |   0.0 |   0.0 | 396.0
      Ice Cave |   1.7 |   1.7 |   0.0 |   3.1 |   0.8 | 384.0
               +-------+-------+-------+-------+-------+----------------------

Vault maps used:
D:1:      dpeg_arrival_pits
D:2:      elyvilon_altar_5, marbit_many_paths, ecumenical_altar_1
D:3:      lemuel_round_altar, grunt_temple_overflow_diamond
D:4:      first_bread, grunt_pakellas_basics
D:5:      minmay_temple_entry_nine_rooms, serial_shops, shop_fountains,
          minmay_tree_intersection
D:6:      basic_altar, serial_shops, kennysheep_mini_moat, minmay_misc_feat_iff,
          nemelex_diamond_rough_becter
D:7:      lemuel_round_altar, serial_shops, shop
D:8:      nicolae_overflow_crystal_walls, david_lair_generic, grunt_pizzeria,
          st_stairs_14, kennysheep_generic_room_7, uniq_grum, uniq_erolcha,
          uniq_joseph
D:9:      david_orc_5, xom_redecorated
D:10:     uniq_nergalle
D:11:     minmay_goldmine, serial_shops, shop, library_closet
D:12:     uniq_maurice, uniq_azrael
D:13:     david_vaults_5, serial_shops, kennysheep_little_box, uniq_maud
D:14:     nemelex_xobeh_ov_fountains_minmay
D:15:     gammafunk_enter_depths_forms, minmay_liquid_box
Temple:   oiseaux_autumnal_temple_12
Lair:1:   roderic_batcave, uniq_erica, uniq_gastronok
Lair:2:   kennysheep_abandoned_house, lab_entry_generic, uniq_fannar,
          uniq_harold
Lair:3:   nicolae_swamp_entry_splash_gauntlet, lemuel_fruit_fields,
          grunt_megastairs_1, lemuel_fruit_tree
Lair:4:   spider_nest_entry_rubble, roderic_lost_polar_bear, grunt_megastairs_5,
          serial_bayou_shore_b
Lair:5:   grunt_megastairs_3, serial_bayou_shore_b
Lair:6:   nicolae_slime_entry_slimehenge, minivault_19, grunt_megastairs_2,
          infiniplex_staircase_pool, uniq_josephine, uniq_rupert
Lair:8:   hangedman_lair_tendril_chambers, wormcave
Swamp:1:  cheibrodos_swamp_tower_of_moss, evilmike_swamp_ruin_house_4
Swamp:2:  evilmike_swamp_ruin_house_1, swamp_pool3
Swamp:3:  hangedman_swamp_ruin_wall, swamp_pool1, st_swamp_ruins_1
Swamp:4:  swamp_fiery, swamp_pool2, hangedman_swamp_pad
Spider:1: portal_ice_cave_entry_ice_statue_02, spider_trap, uniq_kirke,
          uniq_nikola
Spider:2: nicolae_spider_circle_web
Spider:3: uniq_norris, uniq_donald
Spider:4: spider_rune_water
Orc:2:    pubby_orc_utopia, serial_shops, uniq_sonja
Vaults:1: ontoclasm_vaults_spin, ontoclasm_vaults_bender,
          dpeg_vaults_monster_row, serial_ice_b, vaults_room_fours,
          nicolae_vaults_shelves_hall, v_misc_18,
          nicolae_vaults_border_crossing, vaults_dpeg_diagonal,
          vaults_room_grunt_arrival_ludios, serial_shops, shop_fountains
Vaults:2: v_misc_17, vaults_mumra_chevron, minmay_crypt_entry_simple_sparse,
          vaults_room_corners, v_pattern_5, vaults_room_pool,
          ontoclasm_vaults_hangar, grunt_vaults_focal,
          nicolae_vaults_circle_grid_b, v_misc_19,
          nicolae_vaults_windows_and_doors_thing, v_alt_pattern_2,
          ontoclasm_vaults_shuriken, hangedman_vaults_capsules, serial_shops,
          nicolae_shop_trees
Vaults:3: ontoclasm_vaults_ring_small, v_alt_pattern_5, vaults_mumra_hex,
          nicolae_vaults_alarming, hangedman_vaults_slice, vaults_mumra_hexcomb,
          ontoclasm_vaults_decontamination, serial_shops, shop_statue,
          uniq_boris
IceCv:    ice_cave_tombish
